 Dungeon Crawl Stone Soup version 0.22.1-6-g1668fe2c40 (webtiles) character file.

208 Kohma the Grave Robber (level 5, -4/39 HPs)
             Began as a Demonspawn Necromancer on Jan 24, 2019.
             Slain by a scorpion (6 damage)
             ... on level 4 of the Dungeon.
             The game lasted 00:14:02 (5057 turns).

Kohma the Grave Robber (Demonspawn Necromancer)     Turns: 5057, Time: 00:14:03

Health: -4/39      AC:  9    Str:  9    XL:     5   Next: 55%
Magic:  2/9        EV: 16    Int: 16    God:
Gold:   3          SH:  5    Dex: 19    Spells: 4/9 levels left

rFire    . . .     SeeInvis .   k - +1 whip (flame)
rCold    . . .     Gourm    .   r - +0 buckler
rNeg     . . .     Faith    .   f - +0 leather armour
rPois    .         Spirit   .   y - +0 helmet
rElec    .         Reflect  .   B - +2 cloak {MR+}
rCorr    .         Harm     .   (no gloves)
MR       +....                  o - +0 pair of boots
Stlth    +++.......             (no amulet)
HPRegen  0.13/turn              (no ring)
MPRegen  0.11/turn              (no ring)

@: agile, lethally poisoned (-4 -> -16)
A: rugged brown scales 1, rot immunity
a: no special abilities


You were on level 4 of the Dungeon.
You were not hungry.

You visited 1 branch of the dungeon, and saw 4 of its levels.

You collected 218 gold pieces.
You spent 215 gold pieces at shops.

Inventory:

Hand Weapons
 e - a +0 blowgun
 k - a +1 whip of flaming (weapon)
 A - a +0 hunting sling
Missiles
 l - 153 stones (quivered)
 m - 29 poisoned needles
 v - 5 javelins
Armour
 f - a +0 leather armour (worn)
 o - a +0 pair of boots (worn)
 r - a +0 buckler (worn)
 y - a +0 helmet (worn)
 B - a +2 cloak of magic resistance (worn)
Scrolls
 d - a scroll of magic mapping {unknown}
 g - 2 scrolls of noise {unknown}
 h - 6 scrolls of identify
 j - a scroll of remove curse {unknown}
 p - a scroll of fear {unknown}
 q - a scroll of enchant armour {unknown}
 s - a scroll of enchant weapon {unknown}
 t - a scroll of amnesia {unknown}
 x - a scroll of teleportation {unknown}
Potions
 b - a potion of curing {unknown}
 i - a potion of degeneration {unknown}
 n - 2 potions of brilliance
 u - a potion of berserk rage {unknown}
 w - a potion of agility
Comestibles
 c - 4 rations


   Skills:
 + Level 1.9 Fighting
 + Level 1.5 Maces & Flails
   Level 0.1 Polearms
 - Level 1.7 Dodging
 - Level 1.7 Stealth
 * Level 1.4 Shields
 + Level 2.9 Spellcasting
 * Level 5.7 Necromancy


You had 4 spell levels left.
You knew the following spells:

 Your Spells              Type           Power        Failure   Level  Hunger
a - Pain                  Necr           ###.         3%          1    #......
b - Animate Skeleton      Necr           N/A          3%          1    #......
c - Vampiric Draining     Necr           ###.......   11%         3    ###....

Your spell library contained the following spells:

 Spells                   Type           Power        Failure   Level  Hunger
 Regeneration             Chrm/Necr      ##........   32%         3    ###....
 Animate Dead             Necr           N/A          34%         4    #####..
 Apportation              Tloc           #.....       36%         1    #......
 Confusing Touch          Hex            #.....       36%         1    #......
 Summon Small Mammal      Summ           #...         36%         1    #......


Dungeon Overview and Level Annotations

Branches:
Dungeon (4/15)
 Temple: D:4-7

Altars:

Shops:
D:4 *


Innate Abilities, Weirdness & Mutations

You are partially covered in rugged brown scales. (AC +1, +3% HP)
You are immune to rotting.


Message History

Casting: Pain (safe; 3% risk of failure)
Confirm with . or Enter, or press ? or * to list all spells.
Aiming: Pain (safe; 3% risk of failure)
Press: ? - help, Shift-Dir - straight line, f/p - scorpion
Aim: a scorpion (moderately wounded, chance to defeat MR: 80%)
The scorpion writhes in agony!
You feel sick. The scorpion stings you!
* * * LOW HITPOINT WARNING * * *
Okay, then.
As you read the scroll labeled XIPNECL SOSEH, it crumbles to dust.
It is a scroll of identify.
n - 2 potions of brilliance You feel sick.
The scorpion stings you.
* * * LOW HITPOINT WARNING * * *
You are more poisoned.
The scorpion poisons you!
It was a potion of agility.
You feel agile all of a sudden.
* * * LOW HITPOINT WARNING * * *
You feel sick. The scorpion stings you.
You die...

........#
........#
.......%#
........#
....$..?#######
...........[...
.######o######.
#s# #@# .. #.#
#.# #.#
##..####.######
.............).>
###..##.#####.#.
##....#
####....#
#.......#


You could see a scorpion and an orc.

Vanquished Creatures
  Jessica (D:2)
  A worker ant (D:4)
  Robin (D:3)
  5 adders
  5 worms
  2 dart slugs (D:2)
  4 leopard geckos
  5 orcs
  4 bats
  5 giant cockroaches
  15 goblins
  5 hobgoblins
  7 kobolds
  A quokka (D:3)
  A frilled lizard (D:2)
  8 rats
70 creatures vanquished.

Vanquished Creatures (collateral kills)
  An ooze (D:1)
  A bat (D:1)
  A goblin (D:1)
3 creatures vanquished.

Grand Total: 73 creatures vanquished

Notes
Turn   | Place    | Note
-------+----------+-------------------------------------------
     0 | D:1      | Kohma the Demonspawn Necromancer began the quest for the
                  | Orb.
     0 | D:1      | Reached XP level 1. HP: 13/13 MP: 3/3
    46 | D:1      | Learned a level 1 spell: Animate Skeleton
   189 | D:1      | Gained mutation: You are immune to rotting. [demonic
                  | ancestry]
   189 | D:1      | Reached XP level 2. HP: 7/20 MP: 5/5
  1372 | D:2      | Noticed Jessica
  1377 | D:2      | Killed Jessica
  1377 | D:2      | Reached skill level 1 in Fighting
  1377 | D:2      | Reached skill level 5 in Necromancy
  1377 | D:2      | Reached XP level 3. HP: 25/26 MP: 4/6
  1458 | D:2      | Reached skill level 1 in Maces & Flails
  1907 | D:2      | Gained mutation: You are partially covered in rugged brown
                  | scales. (AC +1, +3% HP) [demonic ancestry]
  1907 | D:2      | Reached XP level 4. HP: 9/32 MP: 0/7
  2901 | D:2      | Learned a level 3 spell: Vampiric Draining
  3627 | D:3      | Noticed Robin
  3755 | D:3      | Killed Robin
  3755 | D:3      | Reached skill level 1 in Shields
  3755 | D:3      | Reached XP level 5. HP: 32/39 MP: 1/8
  4770 | D:4      | Found Sucawoc's General Store.
  4773 | D:4      | Bought a +2 cloak of magic resistance for 215 gold pieces
  5057 | D:4      | Slain by a scorpion

Skill      XL: |  1  2  3  4 |
---------------+-------------+-----
Fighting       | 1 |  1.9
Necromancy     | 5 |  5.7
Maces & Flails | 1 |  1.5
Shields        | 1 |  1.4
Polearms       | |  0.1
Dodging        | |  1.7
Stealth        | |  1.7
Spellcasting   | |  2.9

Action                   |  1- 3 |  4- 6 || total
-------------------------+-------+-------++-------
Melee: Dagger            |    27 |       ||    27
       Unarmed           |     3 |       ||     3
       Spear             |    18 |       ||    18
       Whip              |    21 |    56 ||    77
 Cast: Pain              |    29 |    84 ||   113
       Animate Skeleton  |     3 |    10 ||    13
  Use: Scroll            |       |     1 ||     1
       Potion            |       |     1 ||     1
 Stab: Sleeping          |     1 |     1 ||     2
  Eat: Chunk             |     2 |    12 ||    14
Armor: Robe              |     7 |       ||     7
       Leather armour    |     9 |    33 ||    42
Dodge: Dodged            |    52 |    48 ||   100
Block: Buckler           |       |     2 ||     2
